 Dungeon Crawl Stone Soup version 0.17-a0-1840-g87820a2 (webtiles) character file.

617 plugsy the Conjurer (level 7, -1/36 HPs)
             Began as a Deep Elf Conjurer on Sept 16, 2015.
             Slain by an ice beast (7 damage)
             ... on level 5 of the Dungeon.
             The game lasted 00:59:51 (4567 turns).

plugsy the Conjurer (Deep Elf Conjurer)             Turns: 4567, Time: 00:59:51

Health: -1/36      AC:  4    Str:  5    XL:     7   Next: 21%
Magic:  11/18      EV: 15    Int: 22    God:
Gold:   165        SH:  0    Dex: 15    Spells: 1 memorised, 17 levels left

rFire  . . .     SeeInvis .     f - +2 dagger (venom)
rCold  . . .     Clarity  .     t - +0 robe
rNeg   . . .     SustAt   .     (no shield)
rPois  .         Gourm    .     (no helmet)
rElec  .         Spirit   .     (no cloak)
rCorr  .         Warding  .     (no gloves)
rMut   .         Stasis   .     (no boots)
MR     .....                    (no amulet)
Stlth  +.........               F - +2 ring of protection
                                l - ring of loudness (curse)

@: not resistant to hostile enchantments, very unstealthy
A: no striking features
a: no special abilities


You were on level 5 of the Dungeon.
You were not hungry.

You visited 1 branch of the dungeon, and saw 5 of its levels.

You collected 165 gold pieces.

Inventory:

Hand weapons
 f - a +2 dagger of venom (weapon)
 p - a +0 dagger
Armour
 a - a +0 robe
 q - a +0 robe
 r - a +0 robe
 t - a +0 robe (worn)
 A - the +5 ring mail of Fofibrya {*Corrode MR+ Str+4}
   (You found it on level 4 of the Dungeon)

   It affects your strength (+4).
   It affects your resistance to hostile enchantments.
   It may corrode your equipment when you take damage.
Jewellery
 l - a cursed ring of loudness (left hand)
 m - an uncursed ring of flight
 y - an uncursed ring of poison resistance
 C - an uncursed ring of protection from fire
 F - a +2 ring of protection (right hand)
Scrolls
 e - 2 scrolls of teleportation
 h - a scroll of magic mapping {unknown}
 j - a scroll of fear {unknown}
 s - a scroll of enchant armour {unknown}
 v - a scroll of random uselessness {unknown}
 w - a scroll of immolation {unknown}
 x - a scroll of enchant weapon {unknown}
 D - 4 scrolls of remove curse {unknown}
Potions
 d - a potion of curing {unknown}
 g - a potion of might {unknown}
 i - a potion of resistance {unknown}
 k - a potion of flight {unknown}
 u - a potion of mutation {unknown}
 z - a potion of ambrosia {unknown}
Books
 b - a book of Conjurations

   Spells                             Type                      Level
   a - Magic Dart                     Conjuration                  1
   b - Searing Ray                    Conjuration                  2
   c - Dazzling Spray                 Conjuration/Hexes            3
   d - Fulminant Prism                Conjuration/Hexes            4
   e - Iskenderun's Mystic Blast      Conjuration                  4
   f - Iskenderun's Battlesphere      Conjuration/Charms           5
 H - a book of the Sky

   Spells                             Type                      Level
   a - Summon Lightning Spire         Summoning/Air                4
   b - Airstrike                      Air                          4
   c - Silence                        Hexes/Air                    5
   d - Deflect Missiles               Charms/Air                   6
   e - Conjure Ball Lightning         Conjuration/Air              6
   f - Tornado                        Air                          9
Comestibles
 c - 5 bread rations
 n - a royal jelly
 o - a beef jerky
 B - a slice of pizza


   Skills:
 + Level 5.2 Dodging
 + Level 3.5 Stealth
 + Level 6.4 Spellcasting
 + Level 6.7 Conjurations


You had 17 spell levels left.
You knew the following spells:

 Your Spells              Type           Power        Failure   Level  Hunger
a - Magic Dart            Conj           ####         1%          1    None


Dungeon Overview and Level Annotations

Branches:
Dungeon (5/15)
 Temple: D:4-7

Altars:
Ashenzari
Dithmenos
Ru
Zin
The Shining One

Shops:
D:4 [


Message History

The ice beast hits you but does no damage.
Casting: Magic Dart
Confirm with . or Enter, or press ? or * to list all spells.
Aiming: Magic Dart
Press: ? - help, Shift-Dir - straight line, f/p - ice beast
Aim: an ice beast (heavily wounded)
The magic dart hits the ice beast.
The ice beast is severely wounded.
The ice beast barely misses you.
Casting: Magic Dart
Confirm with . or Enter, or press ? or * to list all spells.
Aiming: Magic Dart
Press: ? - help, Shift-Dir - straight line, f/p - ice beast
Aim: an ice beast (severely wounded)
The magic dart hits the ice beast.
The ice beast is almost dead.
The ice beast hits you.
* * * LOW HITPOINT WARNING * * *
The ice beast freezes you!
You die...

##........##
##.....>....###+##
#...........##...##
#.#........##.....##
###.##..##..##.......##
#..........##.........#
#.......)...'.........'
#.........###.........#
####.%@Y### ##.......##
#...## ##.....##.
#...#########...###.
#.... ..##..........
#..## #.##.###.###.#
#..####.##.# #.# #.#
#........#.###.###.#
#.. #.<.............
..##.#..#.........#


You could see an ice beast.

Vanquished Creatures
  A phantom (D:4)
  A centaur (D:5)
  A crimson imp (D:5)
  2 hounds (D:4)
  2 orc wizards
  2 orc priests (D:4)
  Ijyb (D:3)
  Terence (D:2)
  A worker ant (D:4)
  8 adders
  An adder skeleton (D:3)
  5 worms
  4 orcs
  4 ball pythons (D:3)
  9 bats
  3 giant cockroaches
  8 goblins
  8 hobgoblins
  2 jackals (D:1)
  5 kobolds
  4 quokkas
  2 giant geckos (D:1)
  9 giant newts
  2 rats
86 creatures vanquished.

Notes
Turn   | Place    | Note
--------------------------------------------------------------
     0 | D:1      | plugsy the Deep Elf Conjurer began the quest for the Orb.
     0 | D:1      | Reached XP level 1. HP: 10/10 MP: 6/6
   332 | D:1      | Reached XP level 2. HP: 15/15 MP: 4/8
   750 | D:1      | Reached skill level 5 in Conjurations
  1035 | D:2      | Reached XP level 3. HP: 19/19 MP: 7/9
  1201 | D:2      | Found a sacrificial altar of Ru.
  1257 | D:1      | Reached XP level 4. HP: 8/24 MP: 0/12
  1594 | D:2      | Noticed Terence
  1622 | D:2      | Killed Terence
  2043 | D:2      | Reached XP level 5. HP: 28/28 MP: 11/13
  2052 | D:2      | Found a glowing golden altar of the Shining One.
  2251 | D:2      | Found a shadowy altar of Dithmenos.
  2256 | D:2      | Found a shattered altar of Ashenzari.
  2378 | D:3      | Noticed Ijyb
  2391 | D:3      | Killed Ijyb
  2889 | D:3      | Reached skill level 6 in Conjurations
  3507 | D:4      | Got a dazzling ring mail
  3522 | D:4      | Found Catisipit's Antique Armour Emporium.
  3536 | D:4      | Identified the +5 ring mail of Fofibrya {*Corrode MR+ Str+4} (You found it on level 4 of the Dungeon)
  3638 | D:4      | Reached XP level 6. HP: 32/32 MP: 8/15
  3694 | D:4      | Noticed a phantom
  3716 | D:4      | Killed a phantom
  3716 | D:4      | Reached skill level 5 in Spellcasting
  3738 | D:4      | Found a glowing silver altar of Zin.
  4008 | D:4      | Found a shattered altar of Ashenzari.
  4162 | D:4      | Reached skill level 5 in Dodging
  4409 | D:5      | Entered Level 5 of the Dungeon
  4425 | D:5      | Reached XP level 7. HP: 36/36 MP: 10/17
  4567 | D:5      | Slain by an ice beast

Vault maps used:
D:1:      lemuel_arrival_funnel, minmay_parallelograms
D:2:      nicolae_ru_great_annihilating_truth, amethyst_overflow_temple_binary,
          lemuel_coloured_pillars_altar, first_bread, uniq_terence
D:3:      uniq_iyjb
D:4:      zin_academy, serial_shops, nicolae_shop_stone, evilmike_ruin_ashenzari
D:5:      nicolae_gozag_seed_capital, kennysheep_mini_moat, serial_shops,
          nicolae_shop_statue_plus, st_stairs_5, moated_statue,
          uniq_prince_ribbit1, uniq_menkaure

Action                   |  1- 3 |  4- 6 |  7- 9 || total
-------------------------+-------+-------+-------++-------
Melee: Unarmed           |     2 |       |       ||     2
       Dagger            |       |     7 |       ||     7
 Cast: Magic Dart        |    68 |   170 |    15 ||   253
  Use: Scroll            |     1 |     3 |       ||     4
  Eat: Chunk             |       |     8 |       ||     8
       Pizza             |       |     1 |       ||     1
       Meat ration       |       |     1 |       ||     1
